 Dungeon Crawl Stone Soup version 0.25.1-2-g60ff931df9 (webtiles) character file.

Game seed: 17938283796176082385

2403 ArchParadox the Destroyer (level 9, -34/55 HPs)
             Began as a Deep Elf Conjurer on Oct 17, 2020.
             Was an Initiate of Vehumet.
             Annihilated by a two-headed ogre
             ... wielding a +0 giant club
              (35 damage)
             ... on level 8 of the Dungeon.
             The game lasted 00:31:28 (8908 turns).

ArchParadox the Destroyer (Deep Elf Conjurer)       Turns: 8908, Time: 00:31:29

Health: -34/55     AC:  8    Str:  7    XL:     9   Next: 23%
Magic:  10/15      EV: 14    Int: 22    God:    Vehumet [......]
Gold:   349        SH:  0    Dex: 21    Spells: 3/14 levels left

rFire    . . .     SeeInvis .   e - +3 morningstar (holy)
rCold    . . .     Gourm    .   (no shield)
rNeg     . . .     Faith    .   a - +0 robe
rPois    .         Spirit   .   w - +0 helmet
rElec    .         Reflect  .   (no cloak)
rCorr    .         Harm     .   q - +0 pair of gloves (curse)
MR       .....                  (no boots)
Stlth    ++........             (no amulet)
HPRegen  0.18/turn              y - +6 ring of dexterity
MPRegen  0.14/turn              C - +4 ring of protection

@: no status effects
A: no striking features
a: Renounce Religion


You were on level 8 of the Dungeon.
You worshipped Vehumet.
Vehumet was noncommittal.
You were not hungry.

You visited 2 branches of the dungeon, and saw 9 of its levels.

You collected 349 gold pieces.

Inventory:

Hand Weapons
 d - a +0 dagger
 e - a +3 morningstar of holy wrath (weapon)
 t - a +0 dagger of venom
 J - a +0 shortbow
Missiles
 h - 102 arrows
 i - 248 stones (quivered)
 x - 18 bolts
 B - 5 atropa-tipped darts
 Q - 4 curare-tipped darts
Armour
 a - a +0 robe (worn)
 q - a cursed +0 pair of gloves (worn)
 v - a +0 animal skin
 w - a +0 helmet (worn)
Jewellery
 l - an uncursed ring of positive energy
 m - an uncursed amulet of the acrobat
 y - a +6 ring of dexterity (left hand)
 C - a +4 ring of protection (right hand)
Wands
 H - a wand of clouds (3)
 I - a wand of random effects (24)
 N - a wand of paralysis (5)
 O - a wand of flame (15)
Scrolls
 b - a scroll of blinking {unknown}
 g - 5 scrolls of fog {unknown}
 n - 4 scrolls of remove curse {unknown}
 u - 3 scrolls of amnesia {unknown}
 z - 2 scrolls of enchant weapon {unknown}
 A - a scroll of teleportation {unknown}
 D - a scroll of fear {unknown}
 E - 4 scrolls of identify
 G - 2 scrolls of random uselessness {unknown}
 K - a scroll of immolation {unknown}
 L - a scroll of enchant armour {unknown}
 P - a scroll of magic mapping {unknown}
Potions
 f - 2 potions of brilliance {unknown}
 k - 3 potions of heal wounds {unknown}
 o - 4 potions of curing
 p - 2 potions of flight {unknown}
 r - a potion of berserk rage {unknown}
 s - 2 potions of might {unknown}
 F - a potion of stabbing {unknown}
 M - a potion of magic {unknown}
Comestibles
 c - 12 rations
 j - a chunk of flesh


   Skills:
 - Level 6.0 Fighting
 + Level 3.2 Dodging
 - Level 2.4 Stealth
 - Level 3.0 Spellcasting
 + Level 10.0 Conjurations
 - Level 6.0 Hexes
 * Level 2.4 Translocations


You had 3 spell levels left.
You knew the following spells:

 Your Spells              Type           Power        Failure   Level  Hunger
a - Magic Dart            Conj           ####         1%          1    None
b - Searing Ray           Conj           #####.       1%          2    ##.....
c - Fulminant Prism       Conj/Hex       #####.....   4%          4    ####...
d - Iskenderun's Mystic   Conj/Tloc      ####....     10%         4    ####...

Your spell library contained the following spells:

 Spells                   Type           Power        Failure   Level  Hunger
 Dazzling Flash           Conj/Hex       #####.       1%          3    ###....
 Summon Guardian Golem    Hex/Summ       ###.....     11%         3    ###....
 Summon Small Mammal      Summ           #...         12%         1    None
 Call Imp                 Summ           #.......     19%         2    ##.....
 Call Canine Familiar     Summ           #.......     36%         3    ###....
 Summon Ice Beast         Ice/Summ       #.......     77%         4    ####...
 Summon Lightning Spire   Summ/Air       #.......     77%         4    ####...


Dungeon Overview and Level Annotations

Branches:
Dungeon (8/15)             Temple (1/1) D:7
   Lair: D:8-11

Altars:
Ashenzari
Cheibriados
Dithmenos
Elyvilon
Fedhas
Gozag
Hepliaklqana
Kikubaaqudgha
Makhleb
Nemelex Xobeh
Okawaru
Qazlal
Ru
Sif Muna
Trog
Vehumet
Wu Jian
Xom
Yredelemnul
The Shining One

Shops:
D:5 *


Message History

The two-headed ogre misses you.
The two-headed ogre hits you with a +0 giant club.
The two-headed ogre barely misses you.
The two-headed ogre hits you with a +0 giant club!
Casting: Searing Ray (safe; 1% risk of failure)
Confirm with . or Enter, or press ? or * to list all spells.
Aiming: Magic Dart (safe; 1% risk of failure)
Press: ? - help, Shift-Dir - straight line, f/p - two-headed ogre
Aim: a two-headed ogre, wielding two +0 giant clubs (severely wounded)
The magic dart hits the two-headed ogre.
The two-headed ogre is severely wounded.
The two-headed ogre hits you with a +0 giant club!!
* * * LOW HITPOINT WARNING * * *
The two-headed ogre hits you with a +0 giant club!
* * * LOW HITPOINT WARNING * * *
The hound pauses to sniff the ground.
Okay, then.
The two-headed ogre hits you with a +0 giant club!!
Ouch! That really hurt!
You die...

#######
......
..... ...#
# #..##
....##...#
.....hO@.#
......$..#
.>..##..##
... #..# .
.... #....
##...
#####


You could see a two-headed ogre and a hound.

Vanquished Creatures
  3 hogs (D:7)
  A human (D:7)
  An orc warrior (D:7)
  A sky beast (D:7)
  A black bear (D:6)
  A centaur (D:6)
  2 ogres
  A big kobold (D:7)
  3 scorpions
  5 howler monkeys
  A centaur zombie (D:5)
  4 hounds
  4 orc priests
  4 orc wizards
  2 bullfrog skeletons
  2 centaur skeletons
  An iguana (D:4)
  Natasha (thrice) (D:2)
  A worker ant (D:4)
  Robin (D:3)
  A worker ant zombie (D:3)
  10 adders
  2 shadow imps (D:6)
  An ooze (D:2)
  2 adder skeletons
  An adder zombie (D:5)
  5 worms
  A dart slug (D:2)
  3 leopard geckos
  9 orcs
  8 giant cockroaches
  15 goblins
  10 hobgoblins
  15 jackals
  9 kobolds
  4 quokkas
  5 bats
  3 frilled lizards
  A jackal skeleton (D:5)
  A quokka skeleton (D:4)
  8 rats
156 creatures vanquished.

Vanquished Creatures (others)
  9 fulminant prisms
  A plant (D:6)
10 creatures vanquished.

Grand Total: 166 creatures vanquished

Notes
Turn   | Place    | Note
-------+----------+-------------------------------------------
     0 | D:1      | ArchParadox the Deep Elf Conjurer began the quest for the
                  | Orb.
     0 | D:1      | Reached XP level 1. HP: 10/10 MP: 6/6
   507 | D:2      | Reached XP level 2. HP: 16/16 MP: 5/8
   861 | D:2      | Reached skill level 5 in Conjurations
   900 | D:2      | Reached skill level 1 in Fighting
   904 | D:2      | Learned a level 2 spell: Searing Ray
   976 | D:2      | Reached XP level 3. HP: 17/20 MP: 6/9
  1023 | D:2      | Noticed Natasha
  1029 | D:2      | Killed Natasha
  1058 | D:2      | Found a shimmering altar of Xom.
  1059 | D:2      | Found a shadowy altar of Dithmenos.
  1230 | D:2      | Found a white marble altar of Elyvilon.
  1259 | D:2      | Reached XP level 4. HP: 25/25 MP: 6/10
  1269 | D:2      | Noticed Natasha
  1276 | D:2      | Killed Natasha
  1281 | D:2      | Noticed Natasha
  1326 | D:2      | Killed Natasha
  1326 | D:2      | Reached skill level 6 in Conjurations
  1952 | D:2      | Reached XP level 5. HP: 30/30 MP: 5/11
  2422 | D:2      | Learned a level 4 spell: Fulminant Prism
  2578 | D:3      | Reached skill level 1 in Hexes
  2589 | D:3      | Found an ancient bone altar of Kikubaaqudgha.
  2788 | D:3      | Noticed Robin
  3076 | D:3      | Killed Robin
  3167 | D:3      | Reached XP level 6. HP: 26/36 MP: 1/12
  4092 | D:4      | Reached skill level 7 in Conjurations
  4251 | D:4      | Reached XP level 7. HP: 41/41 MP: 9/13
  4635 | D:4      | Reached skill level 5 in Hexes
  4999 | D:5      | Entered Level 5 of the Dungeon
  5151 | D:5      | Found Atsih's General Store.
  5412 | D:5      | Learned a level 4 spell: Iskenderun's Mystic Blast
  5687 | D:5      | Reached skill level 8 in Conjurations
  6194 | D:6      | Reached XP level 8. HP: 28/48 MP: 6/14
  6980 | D:6      | Found a blossoming altar of Fedhas.
  7210 | D:7      | Reached skill level 5 in Fighting
  7210 | D:7      | Reached skill level 9 in Conjurations
  7872 | D:7      | Reached XP level 9. HP: 55/55 MP: 8/15
  7924 | D:7      | Found a staircase to the Ecumenical Temple.
  8250 | Temple   | Entered the Ecumenical Temple
  8400 | Temple   | Became a worshipper of Vehumet
  8769 | D:7      | Reached skill level 10 in Conjurations
  8769 | D:7      | Reached skill level 1 in Translocations
  8900 | D:8      | Noticed a two-headed ogre
  8907 | D:8      | HP: 1/55 [two-headed ogre/+0 giant club (8)]
  8908 | D:8      | Annihilated by a two-headed ogre

Illustrated notes

Levels and vault maps discovered:
D:1:      ncdulo_lavacross, layout_rooms
D:2:      layout_loops_ring, lemuel_crystal_altar,
          gammafunk_temple_overflow_statue, uniq_natasha
D:3:      layout_rooms, kiku_gazebo_garden_becter, portal_sewer_entry_d,
          uniq_robin
D:4:      cheibrodos_quashed, layout_loops_ring, first_ration,
          serial_bayou_lake_a
D:5:      layout_basic, serial_shops, shop
D:6:      layout_rooms, fedhas_altar_decomposition
D:7:      layout_loops_ring, minmay_temple_entry_drinking_statues,
          grunt_livestock
D:8:      layout_gridville, eat_drink_and_be_merry_uskayaw, uniq_psyche
Temple:   eino_temple_rhombus

Skill      XL: |  1  2  3  4  5  6  7  8  9 |
---------------+----------------------------+-----
Conjurations   | 5 6 7 8 9 10 | 10.0
Fighting       | 1 2 3 4 5 6 |  6.0
Hexes          | 2 4 5 6 |  6.0
Translocations | 2 |  2.4
Dodging        | 3 |  3.2
Stealth        | |  2.4
Spellcasting   | |  3.0

Action                   |  1- 3 |  4- 6 |  7- 9 || total
-------------------------+-------+-------+-------++-------
Melee: Dagger            |       |    13 |       ||    13
       Morningstar       |       |       |    13 ||    13
 Cast: Magic Dart        |    36 |   187 |   156 ||   379
       Searing Ray       |     3 |     5 |    13 ||    21
       Fulminant Prism   |       |       |     9 ||     9
  Use: Scroll            |       |     4 |       ||     4
       Potion            |       |       |     2 ||     2
  Eat: Chunk             |     1 |     6 |    13 ||    20
       Ration            |       |     1 |     1 ||     2
Armor: Robe              |     2 |    13 |    23 ||    38
Dodge: Dodged            |    12 |    81 |    58 ||   151
